 Dungeon Crawl Stone Soup version 0.29-a0-997-gf6f7e2dfe7 (webtiles) character file.

Game seed: 17848380124844486131

123 Newt the Chopper (level 4, -4/34 HPs)
             Began as a Demonspawn Gladiator on Aug 4, 2022.
             Killed from afar by an orc wizard (8 damage)
             ... with a magic dart
             ... on level 4 of the Dungeon.
             The game lasted 00:01:59 (1658 turns).

Newt the Chopper (Demonspawn Gladiator)             Turns: 1658, Time: 00:02:00

Health: -4/34      AC:  4    Str: 16    XL:     4   Next: 79%
Magic:  4/4        EV: 12    Int: 10    God:
Gold:   81         SH:  4    Dex: 14    Spells: 3/3 levels left

rFire   . . .      SeeInvis .   a - +1 war axe
rCold   . . .      Faith    .   (no shield)
rNeg    . . .      Spirit   .   b - +0 leather armour
rPois   .          Reflect  .   c - +0 helmet
rElec   .          Harm     .   (no cloak)
rCorr   .          Rampage  .   (no gloves)
Will    .....                   (no boots)
Stlth   +.........              (no amulet)
HPRegen 0.11/turn               (no ring)
MPRegen 0.09/turn               (no ring)

@: no status effects
A: condensation shield, demonic touch 2
a: no special abilities


You were on level 4 of the Dungeon.
You visited 1 branch of the dungeon, and saw 4 of its levels.

You collected 81 gold pieces.

Inventory:

Hand Weapons
 a - a +1 war axe (weapon)
Missiles
 d - 3 throwing nets (quivered)
 e - a javelin
Armour
 b - a +0 leather armour (worn)
 c - a +0 helmet (worn)
Potions
 f - a potion of curing
 g - a potion of degeneration
 h - a potion of ambrosia {unknown}


   Skills:
 + Level 2.7 Fighting
 + Level 4.0 Axes
 + Level 2.0 Throwing
 + Level 1.1 Armour
 + Level 3.2 Dodging


You had 3 spell levels left.
You didn't know any spells.
Your spell library contained the following spells:

 Spells                   Type           Power      Damage    Failure   Level
 Call Canine Familiar     Summ           0%         N/A       80%         3
 Portal Projectile        Hex/Tloc       0%         N/A       80%         3
 Leda's Liquefaction      Hex/Erth       0%         N/A       99%         4


Dungeon Overview and Level Annotations

Branches:
Dungeon (3/15)

Altars:


Innate Abilities, Weirdness & Mutations

A meltable shield of frost defends you. (SH +4)
Your touch may inflict irresistible damage on your foes.


Message History

You barely miss the goblin.
The orc shouts!
You touch the goblin.
You kill the goblin!
Your Axes skill increases to level 4!
Found a fuming ruby potion.
The orc wizard hits you but does no damage.
Things that are here:
a +0 dagger; a goblin corpse You hit the orc wizard.
Your touch misses the orc wizard.
The orc wizard is lightly wounded.
The orc wizard gestures at you while chanting.
The puff of flame misses you.
The orc priest calls upon Beogh to heal the orc wizard.
The orc wizard's wounds heal themselves!
The orc wizard misses you.
The orc priest invokes the aid of Beogh against you.
Beogh smites you!
You closely miss the orc wizard.
The orc wizard gestures at you while chanting.
The puff of flame misses you.
You barely miss the orc wizard.
The orc wizard gestures at you while chanting.
You resist with some effort.
The orc priest miscasts a cantrip.
You barely miss the orc wizard. The orc wizard barely misses you.
The orc priest invokes the aid of Beogh against you.
Beogh smites you!
* * * LOW HITPOINT WARNING * * *
You aren't carrying any scrolls.
It was a potion of curing.
You feel better.
The orc wizard hits you with a +0 dagger.
Unknown command.
The orc wizard points at you and mumbles some strange words.
The magic dart hits you!
* * * LOW HITPOINT WARNING * * *
The orc priest begins to cast a cantrip, but forgets the words!
The orc wizard gestures at you while chanting.
The magic dart hits you!
You die...

.....## .# #...##
#.# ..## .. ### ##.#
#..# #..#
################.#
.................##
...........#####@.##
############ ##..#
##.## ##o# ##o#


oo# WS.. B.... ....... You could see an orc priest, an orc wizard, 2 orcs and a
ball python.

Vanquished Creatures
  A jelly (D:4)
  3 adders (D:2)
  A worm (D:2)
  6 dart slugs
  6 ball pythons
  5 bats
  An endoplasm (D:1)
  A giant cockroach (D:1)
  4 goblins
  A hobgoblin (D:1)
  10 jackals
  5 kobolds
  A quokka (D:2)
  2 frilled lizards (D:1)
  5 rats
52 creatures vanquished.

Notes
Turn   | Place    | Note
-------+----------+-------------------------------------------
     0 | D:1      | Newt the Demonspawn Gladiator began the quest for the Orb.
     0 | D:1      | Reached XP level 1. HP: 16/16 MP: 1/1
    93 | D:1      | Gained mutation: Your touch may inflict minor irresistible
                  | damage on your foes. [demonic ancestry]
    93 | D:1      | Reached XP level 2. HP: 13/22 MP: 2/2
   270 | D:1      | Reached skill level 3 in Axes
   510 | D:1      | Gained mutation: Your touch may inflict irresistible damage
                  | on your foes. [demonic ancestry]
   510 | D:1      | Reached XP level 3. HP: 26/27 MP: 3/3
   954 | D:2      | Gained mutation: A meltable shield of frost defends you.
                  | (SH +4) [demonic ancestry]
   954 | D:2      | Reached XP level 4. HP: 34/34 MP: 4/4
  1483 | D:3      | You fall into a shaft and drop 1 floor!
  1510 | D:4      | Reached skill level 1 in Armour
  1646 | D:4      | Noticed a phantom
  1650 | D:4      | Reached skill level 4 in Axes
  1658 | D:4      | Killed from afar by an orc wizard

Illustrated notes

Levels and vault maps discovered:
D:1:      amcnicky_arrival_blooded_trapdoor, layout_basic,
          dilly_ecumenical_altar_fadedgnrine, st_stairs_5
D:2:      layout_basic, fountainhead, minmay_octomino_j4
D:3:      layout_loops_ring, uniq_natasha, uniq_terence
D:4:      layout_cave_pods, uniq_duvessa

Skill      XL: |  1  2  3  4 |
---------------+-------------+-----
Dodging        | 3 |  3.2
Throwing       | 2 |  2.0
Axes           | 3 4 |  4.0
Armour         | 1 |  1.1
Fighting       | |  2.7

Action                   |  1- 3 |  4- 6 || total
-------------------------+-------+-------++-------
Melee: War axe           |    69 |    31 ||   100
       Touch             |    16 |     6 ||    22
  Use: Scroll            |     1 |     3 ||     4
       Potion            |       |     1 ||     1
Armor: Leather armour    |    26 |     7 ||    33
Dodge: Dodged            |    44 |    15 ||    59
Block: Other             |       |     6 ||     6

Table legend: (Time is in decaauts)
 A = Elapsed time spent in this place.
 B = Non-inter-level travel time spent in this place.
 C = Inter-level travel time spent in this place.
 D = Time resting spent in this place.
 E = Time spent auto-exploring this place.
 F = Levels seen in this place.
 G = Mean time per level.
                   A        B        C        D        E       F      G
               +--------+--------+--------+--------+--------+-----+--------+
         Total |   1692 |   1692 |      0 |      0 |   1403 |   4 |  423.0 |
       Dungeon |   1692 |   1692 |      0 |      0 |   1403 |   4 |  423.0 |
               +--------+--------+--------+--------+--------+-----+--------+

Top non-repeatable levels by time:
     D:1: 729 daAuts
     D:2: 715 daAuts
     D:4: 178 daAuts
     D:3: 68 daAuts
